 Dungeon Crawl Stone Soup version 0.29-a0-334-gb41bcbb86e (webtiles) character file.

Game seed: 14972374741438850845

3836 Jortsu the Cleaver (level 10, -1/81 (88) HPs)
             Began as a Hill Orc Fighter on Apr 14, 2022.
             Was an Initiate of Beogh.
             Slain by a wight
             ... wielding a +4 mace
              (9 damage)
             ... on level 8 of the Dungeon.
             The game lasted 00:12:05 (7363 turns).

Jortsu the Cleaver (Hill Orc Fighter)               Turns: 7363, Time: 00:12:06

HP:   -1/81 (88)    AC: 16    Str: 24    XL:     10   Next: 18%
MP:   10/10         EV:  7    Int:  8    God:    Beogh [......]
Gold: 1190          SH:  5    Dex: 10    Spells: 9/9 levels left

rFire   . . .      SeeInvis .   a - +1 war axe (venom)
rCold   . . .      Faith    .   c - +0 buckler
rNeg    . . .      Spirit   .   q - +0 plate armour
rPois   .          Reflect  .   g - +1 helmet
rElec   .          Harm     .   (no cloak)
rCorr   .          Rampage  .   (no gloves)
Will    .....                   (no boots)
Stlth   ..........              (no amulet)
HPRegen 0.23/turn               (no ring)
MPRegen 0.12/turn               (no ring)

@: studying Poison Magic, drained
A: no striking features
a: Renounce Religion


You were on level 8 of the Dungeon.
You worshipped Beogh.
Beogh was noncommittal.
You visited 1 branch of the dungeon, and saw 8 of its levels.

You collected 1190 gold pieces.

Inventory:

Hand Weapons
 a - a +1 war axe of venom (weapon)
Armour
 c - a +0 buckler (worn)
 g - a +1 helmet (worn)
 q - a +0 plate armour (worn)
Jewellery
 j - a ring of wizardry
 k - a ring of magical power
Wands
 n - a wand of flame (4)
Scrolls
 e - a scroll of fear
 f - 7 scrolls of enchant armour
 u - 2 scrolls of identify
 v - a scroll of blinking
 w - 2 scrolls of teleportation
 x - a scroll of silence
 y - a scroll of enchant weapon
Potions
 b - a potion of invisibility
 d - 2 potions of haste
 h - 2 potions of ambrosia
 i - 2 potions of curing
 l - 3 potions of lignification
 m - a potion of magic
 o - 2 potions of attraction
 p - 6 potions of heal wounds
 r - a potion of flight
 s - 2 potions of mutation
 t - a potion of might


   Skills:
 + Level 7.7 Fighting
 + Level 12.7 Axes
 + Level 9.0 Armour
 + Level 1.3 Dodging
 + Level 1.4 Stealth
 + Level 5.5 Shields


You had 9 spell levels left.
You didn't know any spells.
Your spell library contained the following spells:

 Spells                   Type           Power      Damage    Failure   Level
 Freeze                   Ice            0%         1d3       100%        1
 Frozen Ramparts          Ice            0%         1d2       100%        3
 Airstrike                Air            0%         N/A       100%        4
 Hailstorm                Conj/Ice       0%         3d3       100%        4
 Summon Lightning Spire   Summ/Air       0%         N/A       100%        4
 Lightning Bolt           Conj/Air       0%         1d11      100%        5


Dungeon Overview and Level Annotations

Branches:
Dungeon (8/15)             Temple (0/1) D:4
   Lair: D:8-11

Altars:
Dithmenos
Fedhas
Kikubaaqudgha
Sif Muna

Annotations:
D:5 1 transporter, Miritol's ghost, novice KoBe


Message History

You hit the wight.
The wight is lightly damaged.
You feel sick. The wight hits you with a +4 mace!
You feel drained.
You completely miss the wight.
The wight is lightly damaged.
You feel sick. The wight hits you but does no damage.
You barely miss the wight.
The wight is lightly damaged.
You feel sick. The wight hits you with a +4 mace.
You feel drained.
* * * LOW HITPOINT WARNING * * *
The wight barely misses you.
You hit the wight.
The wight is moderately damaged.
You feel sick. You block the wight's attack.
The wight hits you but does no damage.
You hit the wight but do no damage.
The wight is moderately damaged.
You feel sick. You block the wight's attack.
The wight hits you from afar with a +0 spear.
* * * LOW HITPOINT WARNING * * *
You barely miss the wight.
The wight is moderately damaged.
You feel sick. The wight hits you with a +4 mace.
* * * LOW HITPOINT WARNING * * *
The wight hits you from afar with a +0 spear.
* * * LOW HITPOINT WARNING * * *
You feel drained. The wight attacks as you move away!
The wight hits you but does no damage.
You feel sick.
You are no longer poisoned.
The wight attacks as you move away! The wight hits you with a +4 mace!
* * * LOW HITPOINT WARNING * * *
You feel drained.
* * * LOW HITPOINT WARNING * * *
The wight attacks as you move away! You block the wight's attack.
The wight attacks as you move away! The wight hits you but does no damage.
The wight attacks as you move away! The wight hits you but does no damage.
There is a stone staircase leading down here.
The wight hits you with a +4 mace!
You die...

.......###...##
.......†.....#
.......###...#
....... #...#
....... #.z.#
####### #.#.##
#.#.z# ##.##z#
#....@# #######


You could see 3 wights.

Vanquished Creatures
  A cyclops (D:7)
  Grinder (D:4)
  Sigmund (D:3)
  6 yaks
  A steam dragon (D:7)
  Edmund (D:4)
  3 water moccasins
  Duvessa (D:6)
  An orc warrior (D:8)
  A black bear (D:6)
  2 centaurs
  A bullfrog (D:6)
  A necrophage (D:2)
  6 wights
  Dowan (D:6)
  2 howler monkeys (D:5)
  3 hounds
  2 jellies
  An orc priest (D:8)
  3 gnoll shamans
  3 iguanas
  4 orc wizards
  13 gnolls
  6 adders
  A white imp (D:6)
  3 ufetubi
  2 worms
  6 dart slugs
  15 orcs
  6 ball pythons
  8 bats
  5 endoplasms
  4 giant cockroaches (D:1)
  2 goblins (D:1)
  4 hobgoblins
  6 jackals
  2 kobolds
  4 quokkas
  3 frilled lizards
  8 rats
144 creatures vanquished.

Notes
Turn   | Place    | Note
-------+----------+-------------------------------------------
     0 | D:1      | Jortsu the Hill Orc Fighter began the quest for the Orb.
     0 | D:1      | Reached XP level 1. HP: 19/19 MP: 1/1
    88 | D:1      | Reached XP level 2. HP: 21/27 MP: 2/2
   344 | D:1      | Reached skill level 3 in Axes
   344 | D:1      | Reached XP level 3. HP: 32/33 MP: 3/3
   789 | D:2      | Noticed a necrophage
   794 | D:2      | Killed a necrophage
   795 | D:2      | Reached skill level 4 in Axes
   795 | D:2      | Reached XP level 4. HP: 40/40 MP: 4/4
  1049 | D:2      | Reached XP level 5. HP: 38/46 MP: 5/5
  1677 | D:2      | Identified a scroll of acquirement
  1677 | D:2      | Acquired 817 gold pieces
  1847 | D:3      | Noticed Sigmund
  1872 | D:3      | Killed Sigmund
  1873 | D:3      | Reached skill level 6 in Axes
  1873 | D:3      | Reached XP level 6. HP: 44/53 MP: 6/6
  2474 | D:4      | Found a staircase to the Ecumenical Temple.
  2519 | D:4      | Noticed Edmund
  2528 | D:4      | Killed Edmund
  2529 | D:4      | Reached skill level 5 in Fighting
  2529 | D:4      | Reached skill level 5 in Armour
  2529 | D:4      | Reached XP level 7. HP: 46/61 MP: 7/7
  2655 | D:4      | Noticed Grinder
  2672 | D:4      | Killed Grinder
  2673 | D:4      | Reached skill level 7 in Axes
  3334 | D:5      | Entered Level 5 of the Dungeon
  3621 | D:4      | Reached skill level 8 in Axes
  3774 | D:5      | Reached XP level 8. HP: 56/69 MP: 8/8
  4234 | D:5      | Found an ancient bone altar of Kikubaaqudgha.
  4269 | D:5      | Found a shimmering blue altar of Sif Muna.
  4464 | D:5      | Found a transporter.
  4464 | D:5      | Noticed Miritol's ghost (novice KoBe)
  4465 | D:5      | Identified the +3 great mace of Currency {freeze, Will+
                  | rCorr Int+3 Dex-3}
  4624 | D:6      | Reached skill level 9 in Axes
  5066 | D:6      | Noticed Duvessa
  5070 | D:6      | Noticed Dowan
  5078 | D:6      | Killed Duvessa
  5094 | D:6      | Killed Dowan
  5280 | D:6      | Found a shadowy altar of Dithmenos.
  5280 | D:6      | Found a blossoming altar of Fedhas.
  5298 | D:6      | Reached skill level 10 in Axes
  5604 | D:6      | Noticed a yak
  5619 | D:6      | Reached XP level 9. HP: 56/78 MP: 9/9
  5621 | D:6      | Reached skill level 1 in Dodging
  5986 | D:7      | Reached skill level 5 in Shields
  6077 | D:7      | Reached skill level 11 in Axes
  6424 | D:7      | Reached skill level 1 in Stealth
  6856 | D:7      | Noticed a cyclops
  6871 | D:7      | Killed a cyclops
  7193 | D:8      | Reached skill level 12 in Axes
  7209 | D:8      | Reached XP level 10. HP: 55/86 MP: 10/10
  7217 | D:8      | Became a worshipper of Beogh the Brigand
  7363 | D:8      | Slain by a wight

Illustrated notes

Levels and vault maps discovered:
D:1:      doesnt_arrival_eight_statues, layout_rooms, palyth_stone_intersect,
          minivault_11, chequers_arboretum, st_stairs_12,
          minmay_indecisive_spiral
D:2:      layout_basic, minmay_strange_pillars,
          nicolae_concentric_dashed_squares_wild, due_unseen_surprise
D:3:      layout_rooms, serial_curves, eino_curves_01, eino_curves_03,
          grunt_decor_resistance, uniq_sigmund
D:4:      layout_basic, minmay_temple_entry_waves, uniq_grinder, uniq_edmund
D:5:      dreamdust_elfheim, layout_loops_ring, mainiacjoe_overflow_two_lobes,
          gammafunk_ghost_smash
D:6:      layout_rooms, amethyst_overflow_temple_binary, roderic_st_hans_cross,
          minmay_manual_mullet, uniq_duvessa
D:7:      layout_cave_pools
D:8:      layout_basic, enter_bailey_3

Skill      XL: |  1  2  3  4  5  6  7  8  9 10 |
---------------+-------------------------------+-----
Armour         | 4 5 7 8 9 |  9.0
Axes           | 3 4 6 8 10 12 | 12.7
Fighting       | 4 5 6 7 |  7.7
Shields        | 4 5 |  5.5
Dodging        | 1 |  1.3
Stealth        | 1 |  1.4

Action                   |  1- 3 |  4- 6 |  7- 9 | 10-12 || total
-------------------------+-------+-------+-------+-------++-------
Melee: War axe           |    73 |   117 |   266 |    31 ||   487
Invok: Convert to Beogh  |       |       |       |     1 ||     1
  Use: Scroll            |     3 |    10 |    14 |       ||    27
       Potion            |       |     1 |       |       ||     1
Armor: Scale mail        |     6 |       |       |       ||     6
       Chain mail        |    58 |    98 |    33 |       ||   189
       Plate armour      |       |       |   134 |    16 ||   150
Dodge: Dodged            |    32 |    58 |    78 |     8 ||   176
Block: Buckler           |    18 |    26 |    71 |     5 ||   120

Table legend: (Time is in decaauts)
 A = Elapsed time spent in this place.
 B = Non-inter-level travel time spent in this place.
 C = Inter-level travel time spent in this place.
 D = Time resting spent in this place.
 E = Time spent auto-exploring this place.
 F = Levels seen in this place.
 G = Mean time per level.
                   A        B        C        D        E       F      G
               +--------+--------+--------+--------+--------+-----+--------+
         Total |   7483 |   7352 |    131 |   1487 |   4349 |   8 |  935.4 |
       Dungeon |   7483 |   7352 |    131 |   1487 |   4349 |   8 |  935.4 |
               +--------+--------+--------+--------+--------+-----+--------+

Top non-repeatable levels by time:
     D:6: 1499 daAuts
     D:7: 1223 daAuts
     D:4: 1119 daAuts
     D:5: 977 daAuts
     D:2: 965 daAuts
     D:1: 795 daAuts
     D:3: 725 daAuts
     D:8: 177 daAuts
